AoeStats
← earlitepainters

African Clearing

510898363Analyzed
4v4 RM · 11h ago on Oct 3, 2026· 66m 31s· 8 players
Game mode
Random Map
Map size
Large (8 player)
Population
200
Speed
Normal
Resources
Standard
Victory
Conquest
Starting age
Dark Age
Ending age
Imperial Age
RankedLock teamsTeams togetherTeam positionsShared explorationLock speedFull tech treeHidden civsTurbo modeCheats
Victory
Defeat
🇨🇳 Mongols · China
1414
+12
🇨🇳 Italians · China
1411
+13
🇨🇳 Persians · China
1336
+16
🇦🇺 Goths · Australia
1287
+18
🇨🇱 Spanish · Chile
1338
-15
🇨🇱 Persians · Chile
1335
-15
🇨🇱 Saracens · Chile
1333
-15
🇨🇱 Ethiopians · Chile
1316
-14
puting
13:11 Feudal Age
14:28 Loom
18:36 Castle Age
17:49 Double-Bit Axe
22:46 Town Watch
24:41 Husbandry
25:52 Scale Barding Armor
28:33 Forging
29:21 Bloodlines
32:48 Horse Collar
33:20 Bow Saw
39:50 Imperial Age
49:38 Block Printing
57:52 Gold Mining
61:20 Chain Barding Armor
61:36 Iron Casting
62:24 Wheelbarrow
61:52 Town Patrol
62:46 Plate Barding Armor
61:34 Light Cavalry
63:37 Iron Casting
64:49 Stone Mining
65:35 Gold Shaft Mining
66:14 Blast Furnace
66:02 Heavy Plow
66:52 Stone Shaft Mining
66:38 Guilds
牛比无极限
5:16 Loom
12:20 Feudal Age
15:22 Wheelbarrow
15:52 Wheelbarrow
15:28 Scale Barding Armor
15:33 Forging
19:26 Bloodlines
23:36 Castle Age
26:25 Fletching
28:33 Horse Collar
28:46 Double-Bit Axe
30:24 Chain Barding Armor
34:23 Bow Saw
39:24 Imperial Age
37:37 Heavy Plow
38:16 Gold Mining
38:52 Ballistics
38:32 Bodkin Arrow
38:37 Padded Archer Armor
39:03 Husbandry
39:27 Thumb Ring
39:52 Hand Cart
40:58 Conscription
40:01 Elite Mangudai
41:10 Parthian Tactics
43:01 Chemistry
43:18 Pikeman
43:59 Squires
44:13 Bracer
44:29 Leather Archer Armor
44:17 Scale Mail Armor
44:52 Iron Casting
49:38 Coinage
50:47 Blast Furnace
50:08 Chain Barding Armor
49:55 Light Cavalry
50:40 Hussar
52:17 Banking
52:14 Heavy Camel Rider
57:13 Capped Ram
58:27 Drill
58:10 Siege Ram
earlitepainters
3:38 Loom
14:19 Feudal Age
15:35 Double-Bit Axe
18:32 Castle Age
26:58 Pikeman
27:57 Scale Mail Armor
32:26 Forging
33:07 Squires
36:35 Bow Saw
37:48 Iron Casting
41:03 Chain Mail Armor
60:37 Wheelbarrow
67:18 Hand Cart
I Want Her Back
7:51 Loom
12:25 Feudal Age
12:54 Town Watch
13:57 Man-at-Arms
15:33 Double-Bit Axe
17:00 Wheelbarrow
16:56 Arson
19:39 Double-Bit Axe
30:15 Castle Age
28:33 Stone Mining
29:09 Fletching
30:55 Scale Mail Armor
31:08 Forging
30:41 Long Swordsman
33:41 Fishing Lines
34:52 Bow Saw
37:36 Gillnets
40:04 Horse Collar
41:02 Heavy Plow
42:17 Hand Cart
42:25 Padded Archer Armor
43:52 Ballistics
44:35 Bodkin Arrow
45:15 Leather Archer Armor
46:12 Town Patrol
50:50 Imperial Age
49:00 Gold Mining
49:43 Squires
49:44 Scale Mail Armor
51:04 Pikeman
52:07 Conscription
51:49 Bracer
53:18 Two-Man Saw
52:49 Crop Rotation
52:51 Chain Mail Armor
53:42 Chemistry
54:18 Stone Shaft Mining
53:30 Elite Genoese Crossbowman
54:29 Guilds
55:09 Plate Mail Armor
56:23 Iron Casting
58:20 Coinage
58:38 Ring Archer Armor
57:51 Treadmill Crane
59:32 Blast Furnace
59:46 Banking
61:57 Hoardings
Mancodios
5:03 Loom
13:12 Feudal Age
17:41 Fletching
31:26 Castle Age
30:01 Double-Bit Axe
33:52 Scale Barding Armor
35:42 Forging
35:58 Forging
37:06 Bloodlines
37:50 Husbandry
44:23 Bow Saw
44:29 Crossbowman
45:43 Bodkin Arrow
47:44 Padded Archer Armor
48:55 Leather Archer Armor
49:30 Thumb Ring
52:35 Wheelbarrow
54:19 Hand Cart
58:33 Imperial Age
57:21 Ballistics
58:39 Arbalester
59:26 Bracer
61:26 Chemistry
67:04 Ring Archer Armor
Gus Dekkers
3:43 Loom
11:29 Feudal Age
13:33 Scale Barding Armor
14:39 Forging
17:21 Bloodlines
22:46 Castle Age
21:43 Double-Bit Axe
21:40 Horse Collar
23:01 Fletching
24:48 Chain Barding Armor
25:15 Husbandry
26:03 Bow Saw
27:27 Iron Casting
33:46 Town Watch
39:47 Imperial Age
39:51 Heavy Plow
39:47 Heavy Camel Rider
41:28 Blast Furnace
40:16 Crossbowman
42:43 Plate Barding Armor
43:24 Bodkin Arrow
43:29 Padded Archer Armor
43:38 Thumb Ring
46:18 Chemistry
45:03 Elite Skirmisher
46:38 Leather Archer Armor
46:58 Ballistics
48:21 Ring Archer Armor
59:40 Gold Mining
Leonardo
13:11 Feudal Age
14:19 Loom
14:37 Double-Bit Axe
17:11 Castle Age
15:30 Double-Bit Axe
15:41 Horse Collar
16:26 Gold Mining
18:22 Bow Saw
23:27 Fletching
24:43 Stone Mining
25:47 Wheelbarrow
33:21 Imperial Age
31:10 Bloodlines
31:20 Heavy Plow
31:49 Forging
31:45 Scale Barding Armor
32:15 Hand Cart
32:06 Town Watch
32:22 Husbandry
34:21 Chain Barding Armor
34:24 Conscription
33:28 Cavalier
35:41 Plate Barding Armor
35:08 Paladin
37:47 Iron Casting
41:47 Blast Furnace
49:42 Scale Mail Armor
49:43 Padded Archer Armor
49:38 Bodkin Arrow
49:46 Onager
49:49 Capped Ram
50:51 Siege Ram
52:24 Light Cavalry
53:51 Pikeman
54:32 Squires
54:48 Chain Mail Armor
54:18 Hussar
57:38 Bracer
57:54 Leather Archer Armor
58:01 Ballistics
58:41 Chemistry
58:06 Elite Skirmisher
58:53 Thumb Ring
62:22 Halberdier
63:33 Plate Mail Armor
63:34 Ring Archer Armor
ATELLo
9:53 Loom
12:29 Feudal Age
15:16 Fletching
16:07 Padded Archer Armor
16:08 Scale Mail Armor
28:17 Castle Age
36:18 Double-Bit Axe
47:51 Bow Saw
47:08 Crossbowman
47:43 Gold Mining
49:42 Gold Shaft Mining
53:34 Leather Archer Armor
53:16 Bodkin Arrow
54:14 Thumb Ring
54:20 Stone Mining
62:19 Imperial Age
61:11 Chain Mail Armor
61:38 Ballistics
62:29 Arbalester
63:25 Bracer
65:06 Chemistry
65:21 Ring Archer Armor
Connection lost

Rejoining the realm…

Still unreachable

The connection could not be restored.

Session expired

The server has moved on; the page needs a fresh start.